 Dungeon Crawl Stone Soup version 0.32-a0-328-gd8048dd28f (webtiles) character file.

Game seed: 16203476223884343456

12960 kae the Martial Artist (level 11, -6/76 HPs)
             Began as a Demonspawn Shapeshifter on Feb 16, 2024.
             Was a Priest of Qazlal.
             Mangled by a freezing wraith (15 damage)
             ... on level 2 of the Lair of Beasts.
             The game lasted 00:12:36 (13469 turns).

kae the Martial Artist (Demonspawn Shapeshifter)   Turns: 13469, Time: 00:12:36

Health: -6/76      AC: 10    Str: 15    XL:     11   Next: 69%
Magic:  17/17      EV: 15    Int: 11    God:    Qazlal [***...]
Gold:   628        SH:  8    Dex: 16    Spells: 10/10 levels left

rFire   . .          .
                       - Unarmed
rCold   . . .        (no shield)
rNeg    + . .        a - melded +1 animal skin
rPois   .            (no helmet)
rElec   .            (no cloak)
rCorr   .            (no gloves)
SInv    .            (no boots)
Will    .....        (no amulet)
Stlth   +            O - +4 ring of protection
HPRegen 0.32/turn    N - ring of positive energy
MPRegen 0.15/turn

%: no passive effects
@: maw-form, slowed, very slow
A: devouring maw, reduced hp, yellow scales 1, icemail 1, spiny 1, condensation
shield, demonic touch 2
a: Begin Untransformation, Renounce Religion, Upheaval, Elemental Force


You were on level 2 of the Lair of Beasts.
You worshipped Qazlal.
Qazlal was most pleased with you.
You were a creature with a mouth for a stomach.
You visited 3 branches of the dungeon, and saw 13 of its levels.
You also visited: Sewer.

You collected 628 gold pieces.


Innate Abilities, Weirdness & Mutations

You are a creature with a mouth for a stomach.
Your midsection houses a second, enormous mouth.
Your maximum health is decreased, since you lack skill for your form.
You are partially covered in yellow scales. (AC +2)
A meltable icy envelope protects you from harm. (AC +4)
You are partially covered in sharp spines.
A meltable shield of frost defends you. (SH +4)
Your touch may inflict irresistible damage on your foes.


   Skills:
 + Level 7.8 Fighting
 + Level 6.3 Dodging
 * Level 10.3 Unarmed Combat
 + Level 8.3 Invocations
 + Level 8.9 Shapeshifting


You had 10 spell levels left.
You didn't know any spells.
Your spell library contained the following spells:

 Spells                   Type           Power      Damage    Failure   Level
 Apportation              Tloc           0%         N/A       34%         1
 Necrotise                Necr           0%         1d4       34%         1
 Sting                    Conj/Alch      0%         1d3       34%         1
 Summon Small Mammal      Summ           0%         N/A       34%         1
 Lesser Beckoning         Tloc           0%         N/A       47%         2
 Gell's Gravitas          Tloc           0%         N/A       71%         3
 Teleport Other           Tloc           0%         N/A       71%         3

Inventory:

Missiles
 f - 116 stones (quivered)
 n - 11 poisoned darts
 u - 4 throwing nets {=f!f}
 B - 11 boomerangs
Armour
 a - a +1 animal skin (melded)
Jewellery
 N - a ring of positive energy (right hand)
   (You found it on level 9 of the Dungeon)
 O - a +4 ring of protection (left hand)
   (You found it on level 5 of the Dungeon)
Talismans
 c - a beast talisman
 d - a flux talisman
 r - a storm talisman
   (You found it on level 4 of the Dungeon)
 H - a maw talisman (active)
   (You found it on level 10 of the Dungeon)
Wands
 o - a wand of paralysis (22)
   (You took it off Ijyb on level 4 of the Dungeon)
 x - a wand of flame (19)
   (You found it on level 6 of the Dungeon)
 y - a wand of acid (6)
   (You found it on level 4 of the Dungeon)
 C - a wand of mindburst (24)
   (You found it on level 7 of the Dungeon)
Scrolls
 i - a scroll of amnesia
 m - 4 scrolls of revelation
 p - 2 scrolls of teleportation {@r4}
 s - 2 scrolls of brand weapon
 t - 3 scrolls of vulnerability {!r!r}
 E - 3 scrolls of poison
 G - 2 scrolls of enchant weapon
Potions
 b - 3 potions of lignification {!q}
 e - 4 potions of curing {unknown}
 g - 4 potions of degeneration {!q}
 h - a potion of heal wounds {@q2}
 j - 4 potions of enlightenment
 k - 3 potions of resistance
 l - 2 potions of magic
 q - a potion of berserk rage {unknown}
 v - 2 potions of brilliance
 w - 2 potions of might
 z - 2 potions of ambrosia
 A - 2 potions of haste {unknown}
 D - a potion of attraction {!q}
 F - a potion of invisibility

Dungeon Overview and Level Annotations

Branches:
Dungeon (10/15) Zot: 25586  Temple (1/1) D:4 Zot: 5983    Lair (2/5) D:9 Zot: 10758
  Sewer (visited)
  Swamp: Lair:2-3    Shoals: Lair:2-3     Snake: Lair:2-3    Spider: Lair:2-3
    Orc: D:9-12

Altars:
Ashenzari
Cheibriados
Dithmenos
Fedhas
Gozag
Hepliaklqana
Kikubaaqudgha
Makhleb
Nemelex Xobeh
Okawaru
Qazlal
Ru
Sif Muna
Trog
Uskayaw
Vehumet
Wu Jian
Xom
Yredelemnul

Annotations:
D:3 Terence
D:9 2 transporters, Pi314's ghost, novice DsFE
Lair:1 2 transporters, Vuorerch's ghost, journeyman DECj

≈..≈≈≈≈≈≈≈≈≈≈≈~.~≈~.....
≈~..~≈≈≈..≈≈≈≈.~~~~......
.........≈≈≈~.......
.........≈~~.⌠....!.
..........#~~.......
....................
...........>........
...........W........
....##....°W☼....... #..#
#.###P°........ ### ##
##......... #..........
#<......... #..........
#.......... ......P....
############


You could see a freezing wraith.


Message History

😕 HP[+1] 😕 HP[+1]
You hit the ice beast. Your touch misses the ice beast. You bite the ice beast.
The ice beast is struck by your spines.
The ice beast hits you but does no damage.
You punch the ice beast! You punch the ice beast.
You kill the ice beast!
Qazlal accepts your kill. 😕 HP[+1]
What are your orders? t - Shout twice!
Orders for allies: a - Attack new target. r - Retreat! s - Stop attacking. g - Guard the area. f - Follow me.
Anything else - Cancel.
You shout twice for attention! 😕 HP[+1]
You start resting. 😎 HP[+2]
Your hp is fully restored (75).
A freezing wraith comes into view.
The ice beast is engulfed in blazing flames.
The ice beast is struck by your spines.
You kill the ice beast!
Qazlal accepts your kill.
No reachable target in view! 😎 HP[+1]
You now have 76 max hp (+1).
Your hp is fully restored (76).
Unknown command.
A freezing wraith is nearby!
The freezing wraith hits you but does no damage.
The freezing wraith hits you. The freezing wraith drains your vigour!
You feel yourself slow down. 😕 HP[-6]
You take 6 damage, and now have 70/76 hp.
You hit the freezing wraith but do no damage.
Your touch misses the freezing wraith. You bite the freezing wraith.
You block the freezing wraith's attack. The freezing wraith hits you. 😕 HP[-2]
You take 2 damage, and now have 68/76 hp.
You hit the freezing wraith but do no damage.
The freezing wraith barely misses you. You block the freezing wraith's attack.
The freezing wraith closely misses you. The freezing wraith barely misses you.
Unknown command.
You completely miss the freezing wraith.
You block the freezing wraith's attack.
The freezing wraith closely misses you. 😕 HP[+1]
You hit the freezing wraith. You punch the freezing wraith.
You block the freezing wraith's attack.
The freezing wraith hits you but does no damage.
Unknown command.
You hit the freezing wraith.
You bite the freezing wraith, but do no damage.
The freezing wraith hits you. The freezing wraith freezes you!
The freezing wraith hits you but does no damage. 😮 HP[-15]
You take 15 damage, and now have 54/76 hp.
You closely miss the freezing wraith. You bite the freezing wraith.
The freezing wraith hits you! The freezing wraith freezes you!
* * * LOW HITPOINT WARNING * * *
The freezing wraith hits you.
* * * LOW HITPOINT WARNING * * *
The freezing wraith drains your vigour!
You feel as though you will be slow longer. 😨 HP[-29]
You take 29 damage, and now have 25/76 hp.
MASSIVE DAMAGE!! (PAUSE)
You barely miss the freezing wraith. You bite the freezing wraith.
The freezing wraith closely misses you. You block the freezing wraith's attack.
The freezing wraith hits you.
* * * LOW HITPOINT WARNING * * *
The freezing wraith freezes you!
* * * LOW HITPOINT WARNING * * *
The freezing wraith closely misses you. 😱 HP[-9]
You take 9 damage, and now have 16/76 hp.
Unknown command.
You hit the freezing wraith. You bite the freezing wraith.
The freezing wraith closely misses you.
The freezing wraith barely misses you. 😱 HP[+1] Unknown command.
You barely miss the freezing wraith. The freezing wraith misses you.
You block the freezing wraith's attack.
Unknown command.
You hit the freezing wraith but do no damage.
You bite the freezing wraith. You block the freezing wraith's attack.
The freezing wraith hits you.
* * * LOW HITPOINT WARNING * * *
The freezing wraith drains your vigour!
You feel as though you will be slow longer. 😱 HP[-2]
You take 2 damage, and now have 15/76 hp.
Unknown command.
You hit the freezing wraith but do no damage.
You bite the freezing wraith, but do no damage.
The freezing wraith is struck by your spines.
The freezing wraith hits you.
* * * LOW HITPOINT WARNING * * *
The freezing wraith freezes you!
You die...

Skill      XL: |  1  2  3  4  5  6  7  8  9 10 11 |
---------------+----------------------------------+-----
Shapeshifting  | 3 4 5 6 7 8 |  8.9
Fighting       | 3 4 5 6 7 |  7.8
Unarmed Combat | 4 6 7 9 10 | 10.3
Dodging        | 2 4 5 6 |  6.3
Invocations    | 2 5 7 8 |  8.3

Action                     |  1- 3 |  4- 6 |  7- 9 | 10-12 || total
---------------------------+-------+-------+-------+-------++-------
  Melee: Unarmed           |    75 |   185 |   319 |   260 ||   839
         Touch             |     4 |    39 |    80 |    62 ||   185
         Punch             |     1 |     9 |       |     4 ||    14
         Maw               |       |       |       |    18 ||    18
 Invoke: Upheaval          |       |       |       |     9 ||     9
    Use: Scroll            |       |    11 |     7 |     7 ||    25
         Potion            |       |       |       |     2 ||     2
   Stab: Sleeping          |     1 |     1 |       |       ||     2
 Armour: Animal skin       |    28 |    88 |       |       ||   116
         Skin              |       |     3 |    98 |   157 ||   258
  Dodge: Dodged            |    47 |   105 |   207 |   183 ||   542
  Block: Other             |       |       |    36 |    94 ||   130
   Form: Flux              |       |     1 |       |     1 ||     2
                           |       |       |       |     1 ||     1
         Maw               |       |       |       |     1 ||     1

Levels and vault maps discovered:
D:1:      dpeg_arrival_radiant, layout_basic
D:2:      layout_basic, st_stairs_10, uniq_robin
D:3:      minmay_goblin_kobold_castle, layout_loops_ring,
          mainiacjoe_overflow_concentric_impassable, grunt_ministairs_15,
          uniq_terence
D:4:      layout_basic, minmay_temple_entry_ruins,
          mainiacjoe_sewer_entry_somewhere_in_here_2, pf_guarded_unrand_delatra,
          uniq_ijyb
D:5:      layout_loops_corners, nicolae_titane, uniq_grinder
D:6:      layout_loops_ring, tso_metal_star, general_overflow_altar,
          uniq_maggie, uniq_pikel, uniq_eustachio
D:7:      layout_loops_ring, chequers_temple_overflow_minitemple
D:8:      layout_gridville
D:9:      layout_grid_maze, hellmonk_lair_entry_icy,
          gammafunk_ghost_wrathful_warriors, moated_statue,
          minmay_misc_feat_five
D:10:     layout_basic, gammafunk_ghost_split
Temple:   compressed_dpeg_triangle_lava_temple
Lair:1:   layout_cave_pods, gammafunk_ghost_hive, lemuel_fruit_tree,
          serial_bayou_shore_a, infiniplex_staircase_pool
Lair:2:   layout_hall_layers, minmay_shoals_entry_hut,
          nicolae_spider_entry_tight_spaces, gammafunk_ghost_abyssal_escape,
          ice2_lemuel

Notes
Turn   | Place    | Note
-------+----------+-------------------------------------------
     0 | D:1      | kae the Demonspawn Shapeshifter began the quest for the
                  | Orb.
     0 | D:1      | Reached XP level 1. HP: 15/15 MP: 1/1
     0 | D:1      | magus.rc [v1.11.3]
    26 | D:1      | Reached skill level 3 in Shapeshifting
    51 | D:1      | Gained mutation: You are partially covered in yellow
                  | scales. (AC +2) [demonic ancestry]
    51 | D:1      | Reached XP level 2. HP: 21/21 MP: 2/2
   302 | D:1      | Gained mutation: Your touch may inflict minor irresistible
                  | damage on your foes. [demonic ancestry]
   302 | D:1      | Reached XP level 3. HP: 25/26 MP: 3/3
   420 | D:1      | Reached skill level 4 in Shapeshifting
   819 | D:1      | Reached XP level 4. HP: 32/32 MP: 4/4
   889 | D:2      | Noticed Robin
  1036 | D:2      | Killed Robin
  1283 | D:2      | Reached XP level 5. HP: 33/37 MP: 5/5
  1483 | D:2      | Reached skill level 5 in Shapeshifting
  1691 | D:3      | Noticed Terence
  2098 | D:3      | Found an ancient bone altar of Kikubaaqudgha.
  2541 | D:3      | Gained mutation: You are partially covered in sharp spines.
                  | [demonic ancestry]
  2541 | D:3      | Reached XP level 6. HP: 36/43 MP: 6/6
  2742 | D:3      | Reached skill level 6 in Shapeshifting
  3512 | D:4      | Found a staircase to the Ecumenical Temple.
  3522 | Temple   | Entered the Ecumenical Temple
  3530 | Temple   | Became a worshipper of Qazlal Stormbringer
  3551 | D:4      | Noticed Ijyb
  3602 | D:4      | Reached XP level 7. HP: 36/48 MP: 7/7
  3631 | D:4      | Killed Ijyb
  3657 | D:4      | Reached skill level 7 in Shapeshifting
  3663 | D:4      | Reached skill level 2 in Fighting
  3663 | D:4      | Reached skill level 3 in Unarmed Combat
  3704 | D:4      | Found a glowing drain.
  3708 | Sewer    | Entered a sewer
  3814 | Sewer    | Reached * piety under Qazlal
  4065 | Sewer    | HP: 12/51 [river rat (2)]
  4446 | D:4      | Reached skill level 4 in Unarmed Combat
  4451 | D:4      | Reached ** piety under Qazlal
  4563 | D:4      | You pick up a book of Cantrips and begin reading...
  4563 | D:4      | You add the spells Sting, Necrotise, Summon Small Mammal
                  | and Apportation to your library.
  4615 | D:4      | Reached skill level 3 in Fighting
  4930 | D:4      | Reached XP level 8. HP: 58/58 MP: 8/8
  5172 | D:4      | Found the +1 Delatra's gloves {ID++}
  5340 | D:5      | Entered Level 5 of the Dungeon
  5630 | D:5      | Reached skill level 5 in Unarmed Combat
  5650 | D:5      | Reached skill level 4 in Fighting
  5771 | D:5      | Noticed Grinder
  5778 | D:5      | Killed Grinder
  5779 | D:5      | Reached skill level 2 in Dodging
  5779 | D:5      | Reached skill level 1 in Invocations
  5940 | D:5      | Reached skill level 6 in Unarmed Combat
  5940 | D:5      | Reached skill level 2 in Invocations
  6376 | D:6      | Noticed Eustachio
  6390 | D:6      | Killed Eustachio
  6391 | D:6      | Gained mutation: A meltable shield of frost defends you.
                  | (SH +4) [demonic ancestry]
  6391 | D:6      | Reached XP level 9. HP: 36/66 MP: 9/11
  6610 | D:6      | Noticed Maggie
  6623 | D:6      | Killed Maggie
  6624 | D:6      | Reached skill level 3 in Dodging
  6624 | D:6      | Reached skill level 3 in Invocations
  6761 | D:6      | Found an ornate altar of the Wu Jian Council.
  6843 | D:6      | Reached skill level 5 in Fighting
  6846 | D:6      | Reached *** piety under Qazlal
  7184 | D:6      | Noticed Pikel
  7205 | D:6      | Killed Pikel
  7206 | D:6      | Reached skill level 7 in Unarmed Combat
  7206 | D:6      | Reached skill level 4 in Invocations
  7688 | D:7      | Reached skill level 4 in Dodging
  7688 | D:7      | Reached skill level 5 in Invocations
  8013 | D:7      | Found a faded altar of an unknown god.
  8021 | D:7      | Found a broken altar of Ashenzari.
  8023 | D:7      | Found a faded altar of an unknown god.
  8026 | D:7      | Found a snail-covered altar of Cheibriados.
  8427 | D:8      | Gained mutation: Your touch may inflict irresistible damage
                  | on your foes. [demonic ancestry]
  8427 | D:8      | Reached XP level 10. HP: 76/76 MP: 13/13
  8453 | D:8      | Reached skill level 8 in Unarmed Combat
  8557 | D:8      | Reached skill level 6 in Fighting
  9433 | D:9      | Reached skill level 8 in Shapeshifting
  9647 | D:9      | Reached skill level 6 in Invocations
  9677 | D:9      | Found a transporter.
  9683 | D:9      | Noticed a moth of wrath
  9684 | D:9      | Noticed a two-headed ogre
  9684 | D:9      | Noticed Pi314's ghost (novice DsFE)
  9687 | D:9      | Found a bloodstained altar of Trog.
  9707 | D:9      | Found a transporter.
  9708 | D:9      | Noticed a deep troll
  9914 | D:9      | HP: 18/75 [poisoned by a hornet]
  9919 | D:9      | HP: 11/75 [poisoned by a hornet]
 10185 | D:9      | Found a staircase to the Lair.
 10199 | D:9      | Reached skill level 5 in Dodging
 10332 | D:9      | Reached skill level 9 in Unarmed Combat
 10508 | D:9      | Reached **** piety under Qazlal
 10799 | D:9      | Reached skill level 7 in Invocations
 10805 | D:10     | Entered Level 10 of the Dungeon
 10819 | D:10     | Gained mutation: A meltable icy envelope protects you from
                  | harm. (AC +4) [demonic ancestry]
 10819 | D:10     | Reached XP level 11. HP: 83/83 MP: 16/16
 10826 | D:10     | Paralysed by a hornet for 3 turns
 10830 | D:10     | Reached skill level 7 in Fighting
 10999 | D:10     | Noticed a boulder beetle
 11001 | D:10     | Found a runed translucent gate.
 11002 | D:10     | Found a runed translucent gate.
 11403 | D:10     | You pick up a book of Displacement and begin reading...
 11403 | D:10     | You add the spells Lesser Beckoning, Gell's Gravitas and
                  | Teleport Other to your library.
 11459 | D:10     | Found a runed translucent gate.
 11733 | D:10     | Noticed a harpy
 11734 | D:10     | Noticed PanSaczeczos's ghost (novice NaWr)
 12058 | D:10     | Killed PanSaczeczos's ghost
 12092 | D:10     | Killed a boulder beetle
 12093 | D:10     | Reached skill level 6 in Dodging
 12093 | D:10     | Reached skill level 10 in Unarmed Combat
 12235 | Lair:1   | Entered Level 1 of the Lair of Beasts
 12240 | Lair:1   | Reached skill level 8 in Invocations
 12422 | Lair:1   | Found a transporter.
 12427 | Lair:1   | Found a transporter.
 12628 | Lair:1   | HP: 18/74 [electric eel/bolt of electricity (6)]
 12629 | Lair:1   | HP: 2/74 [electric eel/bolt of electricity (11)]
 13263 | Lair:1   | Noticed Vuorerch's ghost (journeyman DECj)
 13369 | Lair:2   | Noticed a skyshark
 13465 | Lair:2   | HP: 16/76 [freezing wraith (8)]
 13469 | Lair:2   | Mangled by a freezing wraith

Vanquished Creatures
  The ghost of PanSaczeczos the Fighter, a novice NaWr of Hepliaklqana (D:10)
  A boulder beetle (D:10)
  Pikel (D:6)
  2 cane toads
  Maggie (D:6)
  An unseen horror (D:8)
  A rime drake (D:9)
  2 polar bears
  Grinder (D:5)
  2 hornets
  2 shadows
  A wraith (D:10)
  A culicivora (shapeshifter) (D:10)
  10 yaks
  Eustachio (D:6)
  4 basilisks
  2 vampire mosquitoes (D:8)
  2 steam dragons
  2 acid dragons (D:10)
  A water moccasin (D:7)
  3 orc warriors
  A black bear (Lair:1)
  9 ice beasts
  2 wolves (D:9)
  An ogre (D:5)
  A sky beast (D:7)
  2 centaurs (D:9)
  4 lemures (D:6)
  A phantom (D:5)
  A kobold brigand (D:3)
  5 bullfrogs
  2 gnoll sergeants
  A scorpion (D:5)
  5 wights (D:9)
  18 killer bees
  2 electric eels (Lair:1)
  7 howler monkeys
  2 bombardier beetles
  3 jellies
  4 orc priests
  A gnoll bouda (D:6)
  4 hounds
  A sleepcap (D:6)
  2 iguanas (D:5)
  Ijyb (D:4)
  13 orc wizards
  Robin (D:2)
  28 gnolls
  15 adders
  2 river rats (Sewer)
  2 dart slugs
  4 ribbon worms
  36 orcs
  11 bats
  11 endoplasms
  6 giant cockroaches
  16 goblins
  20 hobgoblins
  9 jackals
  40 kobolds
  4 quokkas
  15 ball pythons
  9 frilled lizards
  7 rats
371 creatures vanquished.

Table legend:
 A = Non-vault XP
 B = Vault XP
 C = Vault XP percentage of total XP
 D = Non-vault monster count
 E = Vault monster count
 F = Vault count percentage of total count
                 A         B        C        D         E       F
            +---------+---------+-------+---------+---------+-------
      Total |   11263 |    7252 |  39.2 |     229 |     138 |  37.6
            +---------+---------+-------+---------+---------+-------
        D:1 |     100 |      18 |  15.3 |      32 |       6 |  15.8
        D:2 |      76 |      36 |  32.1 |      14 |       8 |  36.4
        D:3 |     113 |     356 |  75.9 |      21 |      50 |  70.4
        D:4 |     260 |     308 |  54.2 |      25 |      19 |  43.2
        D:5 |     774 |     278 |  26.4 |      17 |       1 |   5.6
        D:6 |     560 |    1307 |  70.0 |      16 |       3 |  15.8
        D:7 |    1070 |       0 |   0.0 |      22 |       0 |   0.0
        D:8 |    1339 |       0 |   0.0 |      14 |       0 |   0.0
        D:9 |    2692 |    1425 |  34.6 |      28 |       8 |  22.2
       D:10 |    2662 |    2542 |  48.8 |      31 |       7 |  18.4
     Lair:1 |    1060 |     414 |  28.1 |       7 |       2 |  22.2
     Lair:2 |     557 |     383 |  40.7 |       2 |       3 |  60.0
      Sewer |       0 |     185 | 100.0 |       0 |      31 | 100.0
            +---------+---------+-------+---------+---------+-------

Skill      XL: |  1  2  3  4  5  6  7  8  9 10 11 |
---------------+----------------------------------+-----
Shapeshifting  | 3 4 5 6 7 8 |  8.9
Fighting       | 3 4 5 6 7 |  7.8
Unarmed Combat | 4 6 7 9 10 | 10.3
Dodging        | 2 4 5 6 |  6.3
Invocations    | 2 5 7 8 |  8.3

Action                     |  1- 3 |  4- 6 |  7- 9 | 10-12 || total
---------------------------+-------+-------+-------+-------++-------
  Melee: Unarmed           |    75 |   185 |   319 |   260 ||   839
         Touch             |     4 |    39 |    80 |    62 ||   185
         Punch             |     1 |     9 |       |     4 ||    14
         Maw               |       |       |       |    18 ||    18
 Invoke: Upheaval          |       |       |       |     9 ||     9
    Use: Scroll            |       |    11 |     7 |     7 ||    25
         Potion            |       |       |       |     2 ||     2
   Stab: Sleeping          |     1 |     1 |       |       ||     2
 Armour: Animal skin       |    28 |    88 |       |       ||   116
         Skin              |       |     3 |    98 |   157 ||   258
  Dodge: Dodged            |    47 |   105 |   207 |   183 ||   542
  Block: Other             |       |       |    36 |    94 ||   130
   Form: Flux              |       |     1 |       |     1 ||     2
                           |       |       |       |     1 ||     1
         Maw               |       |       |       |     1 ||     1

Illustrated notes

Table legend:
 A = Kills in this place as a percentage of kills in the entire game.
 B = Kills by you in this place as a percentage of kills by you in the entire game.
 C = Kills by friends in this place as a percentage of kills by friends in the entire game.
 D = Other kills in this place as a percentage of other kills in the entire game.
 E = Experience gained in this place as a percentage of experience gained in the entire game.
 F = Experience gained in this place divided by the number of levels of this place that you have seen.
                   A       B       C       D       E      F
               +-------+-------+-------+-------+-------+----------------------
         Total | 100.0 | 100.0 |   N/A |   N/A | 100.0 | 1322.5
       Dungeon |  87.7 |  87.7 |   N/A |   N/A |  86.0 | 1591.6
          Lair |   3.8 |   3.8 |   N/A |   N/A |  13.0 | 1207.0
         Sewer |   8.4 |   8.4 |   N/A |   N/A |   1.0 | 185.0
               +-------+-------+-------+-------+-------+----------------------

Table legend: (Time is in decaauts)
 A = Elapsed time spent in this place.
 B = Non-inter-level travel time spent in this place.
 C = Inter-level travel time spent in this place.
 D = Time resting spent in this place.
 E = Time spent auto-exploring this place.
 F = Levels seen in this place.
 G = Mean time per level.
                   A        B        C        D        E       F      G
               +--------+--------+--------+--------+--------+-----+--------+
         Total |  13598 |  13119 |    479 |   1024 |   9939 |  14 |  971.3 |
       Dungeon |  11477 |  11064 |    413 |    712 |   8528 |  10 | 1147.7 |
        Temple |     16 |     16 |      0 |      0 |      0 |   1 |   16.0 |
          Lair |   1240 |   1175 |     65 |    207 |    840 |   2 |  620.0 |
         Sewer |    863 |    863 |      0 |    104 |    570 |   1 |  863.0 |
               +--------+--------+--------+--------+--------+-----+--------+

Top non-repeatable levels by time:
     D:3: 1749 daAuts
     D:9: 1399 daAuts
    D:10: 1394 daAuts
  Lair:1: 1170 daAuts
     D:4: 1150 daAuts
     D:6: 1057 daAuts
     D:7: 1054 daAuts
     D:1: 1014 daAuts
     D:8: 977 daAuts
     D:5: 958 daAuts
   Sewer: 863 daAuts
     D:2: 722 daAuts
  Lair:2: 70 daAuts
  Temple: 16 daAuts
